 Seeded DCSS version 0.28-a0-991-g956f0ee3d5 (webtiles) character file.

Game seed: 20211204 (custom seed)

17173 a11behringer the Impaler (level 12, -3/110 HPs)
             Began as a Minotaur Berserker on Dec 5, 2021.
             Was an Elder of Trog.
             Killed from afar by a naga mage (20 damage)
             ... with a bolt of poison
             ... on level 1 of the Abyss.
             The game lasted 00:34:48 (12789 turns).

a11behringer the Impaler (Minotaur Berserker)      Turns: 12789, Time: 00:34:49

Health: -3/110     AC: 19    Str: 26    XL:     12   Next: 16%
Magic:  0/11       EV: 12    Int:  4    God:    Trog [****..]
Gold:   493        SH:  0    Dex: 11    Spells: 11/11 levels left

rFire   . . .      SeeInvis +   N - +5 spear (freeze)
rCold   . . .      Faith    .   (no shield)
rNeg    + + .      Spirit   +   g - +0 pearl dragon scales
rPois   .          Reflect  .   (helmet restricted)
rElec   .          Harm     .   (no cloak)
rCorr   .          Rampage  .   J - +2 pair of gloves
Will    .....                   (no boots)
Stlth   ..........              D - amulet of guardian spirit
HPRegen 0.28/turn               h - ring of see invisible
MPRegen 0.12/turn               H - ring of positive energy

@: lethally poisoned (-3 -> -16), about to teleport, on berserk cooldown,
slowed, very slow
A: horns 2, retaliatory headbutt
a: Renounce Religion, Berserk, Trog's Hand, Brothers in Arms


You were on level 1 of the Abyss.
You worshipped Trog.
Trog was greatly pleased with you.
You visited 1 branch of the dungeon, and saw 11 of its levels.
You visited the Abyss 1 time.
You also visited: Sewer.

You collected 695 gold pieces.
You spent 202 gold pieces at shops.

Inventory:

Hand Weapons
 a - a +0 spear
 p - a +0 scythe
 E - a +0 hunting sling
 N - a +5 spear of freezing (weapon)
 P - a +0 halberd
 R - a +0 shortbow
 S - the +4 shortbow "Ginur" {freeze, rElec rC- Will+ SInv}
   (You found it on level 10 of the Dungeon)

   Any ammunition fired from it freezes those it strikes, dealing additional
   cold damage.
   It can also slow down cold-blooded creatures.
   rC:        It makes you vulnerable to cold.
   rElec:     It insulates you from electricity.
   SInv:      It lets you see invisible.
   Will:      It increases your willpower.
 T - a +7 spear
 U - a +0 trident
 V - a +5 war axe
 W - a +5 glaive of chaos
Missiles
 j - 4 boomerangs (quivered)
 m - 104 arrows
 o - 6 javelins
 q - 4 atropa-tipped darts
 s - 117 bolts
 K - 32 poisoned darts
 L - a throwing net
 M - 72 sling bullets
Armour
 b - a +0 animal skin
 g - +0 pearl dragon scales (worn)
 y - a +0 kite shield of positive energy
 J - a +2 pair of gloves (worn)
 Q - +0 steam dragon scales
Jewellery
 h - a ring of see invisible (left hand)
 i - an amulet of magic regeneration
 D - an amulet of guardian spirit (around neck)
 H - a ring of positive energy (right hand)
 Z - an amulet of regeneration
Wands
 r - a wand of flame (6)
 B - a wand of charming (11)
Scrolls
 d - 5 scrolls of fog
 e - a scroll of silence
 l - 3 scrolls of blinking
 n - 6 scrolls of fear
 w - 2 scrolls of magic mapping
 x - a scroll of enchant weapon
 A - 4 scrolls of teleportation
 X - a scroll of vulnerability {unknown}
 Y - a scroll of identify
Potions
 c - 3 potions of mutation
 f - 4 potions of attraction
 k - 2 potions of lignification
 t - 3 potions of curing
 u - 7 potions of degeneration
 v - a potion of magic {unknown}
 z - 4 potions of flight
 C - 5 potions of brilliance
 F - a potion of might
 G - a potion of heal wounds


   Skills:
 + Level 11.2 Fighting
 + Level 15.0 Polearms
 * Level 4.0 Bows
 + Level 14.0 Armour
 + Level 5.6 Dodging


You had 11 spell levels left.
You didn't know any spells.
Your spell library was empty.

Dungeon Overview and Level Annotations

Branches:
Dungeon (11/15)            Temple (0/1) D:4            Lair (0/6) D:9
  Sewer (visited)
    Orc: D:9-12

Altars:
Makhleb
Sif Muna
Uskayaw
Wu Jian
Xom
Zin

Shops:
D:1 !   D:2 =   D:3 *   D:7 ?

Annotations:
D:7 2 transporters, Redcow54321's ghost, novice TrFi
D:11 Sonja


Innate Abilities, Weirdness & Mutations

You have a pair of horns on your head.
You reflexively headbutt those who attack you in melee.


Message History

* * * LOW HITPOINT WARNING * * *
You hold your ground!
The thrashing horror barely misses you.
As you read the scroll of summoning, it crumbles to dust.
Wisps of shadow whirl around you...
You feel sick.
The thrashing horror tramples you but does no damage.
The thrashing horror tramples you.
* * * LOW HITPOINT WARNING * * *
You hold your ground!
The thrashing horror closely misses you.
You furiously retaliate!
You headbutt the thrashing horror!
The thrashing horror closely misses you.
The naga mage hits you but does no damage.
The starcursed mass barely misses you.
The naga mage hits you but does no damage.
A chorus of shrieks assaults your mind.
* * * LOW HITPOINT WARNING * * *
You swap places.
Your skin stops crawling.
You feel less strong-willed.
You feel sick.
The thrashing horror roars!
The thrashing horror tramples your golden eye!
Your golden eye holds its ground!
The thrashing horror barely misses your golden eye.
The naga mage barely misses something.
The naga mage grabs something.
The naga mage constricts something.
The thrashing horror tramples something!
Something is held in place!
The thrashing horror tramples something!
Something is held in place!
The large abomination is lost in a daze.
Your golden eye blinks! x2
Your golden eye blinks at the thrashing horror.
The thrashing horror resists with almost no effort.
The naga mage gestures at you while chanting.
The bolt of poison hits the thrashing horror.
The thrashing horror completely resists.
The bolt of poison misses your golden eye.
The bolt of poison hits you!!
You are more poisoned.
You die...

.. #. .####. #####
....XX ....# .
....####...##.#
........ ....
#########..........
#§.G@GXDXX.........
#.G#.#XN##....#.>#..
#..#X##4...##.#....
# #.. #G
###G..#..##.#. #. ..
##..#...##. . # ...
#..#..#.# # .#..
##.#..#.# # #.##.
#......### § #
....##.# ...####S


You could see a bone dragon (dazed), 2 starcursed masses, a thrashing horror
(ally target), a large abomination (dazed), a naga mage (fast), a friendly large
abomination (summoned) and 5 friendly golden eyes.

Vanquished Creatures
  Josephine (D:11)
  A boulder beetle (D:9)
  2 two-headed ogres
  A centaur warrior (D:9)
  2 starcursed masses (Abyss:1)
  A salamander (Abyss:1)
  3 centaur zombies
  A guardian serpent (Abyss:1)
  3 kobold demonologists (D:10)
  Maggie (D:8)
  A troll (D:11)
  Prince Ribbit (D:5)
  Grinder (D:4)
  A slime creature (D:10)
  Sigmund (D:5)
  5 wraiths (D:11)
  A wyvern (D:9)
  21 yaks
  2 basilisks (D:9)
  Menkaure (D:7)
  2 small abominations (Abyss:1)
  2 nagas (Abyss:1)
  7 water moccasins
  3 orc warriors
  2 sky beasts
  A black bear (D:6)
  A necrophage (D:6)
  A centaur (D:9)
  2 phantoms
  2 bullfrogs (D:6)
  4 kobold brigands
  A gnoll sergeant (D:10)
  A scorpion (D:6)
  30 wights
  4 killer bees (D:9)
  A howler monkey (D:10)
  A crimson imp (D:5)
  A bullfrog zombie (D:7)
  4 hounds
  2 jellies
  3 orc priests (D:8)
  2 bullfrog skeletons
  9 orc wizards
  2 gnoll shamans
  2 iguanas
  A killer bee zombie (D:5)
  3 hound skeletons (D:4)
  A howler monkey zombie (D:9)
  16 gnolls
  9 adders
  A river rat (D:4)
  4 white imps
  An ufetubus (D:4)
  5 worms
  4 dart slugs
  30 orcs
  15 endoplasms
  6 giant cockroaches
  7 goblins
  7 hobgoblins
  18 jackals
  7 quokkas
  4 ball pythons
  10 bats
  5 frilled lizards
  12 kobolds
  2 rats (D:1)
309 creatures vanquished.

Vanquished Creatures (others)
  3 fungi (D:9)
  3 plants (D:9)
6 creatures vanquished.

Grand Total: 315 creatures vanquished

Notes
Turn   | Place    | Note
-------+----------+-------------------------------------------
     0 | D:1      | a11behringer the Minotaur Berserker began the quest for the
                  | Orb.
     0 | D:1      | Reached XP level 1. HP: 19/19 MP: 0/0
    84 | D:1      | Reached skill level 4 in Polearms
   354 | D:1      | Reached XP level 2. HP: 27/27 MP: 1/1
   496 | D:1      | Found a faded altar of an unknown god.
   627 | D:1      | Found Waups's Distillery.
   632 | D:1      | Reached XP level 3. HP: 33/33 MP: 2/2
   633 | D:1      | Reached ** piety under Trog
  1342 | D:2      | Reached skill level 5 in Polearms
  1608 | D:2      | Noticed a phantom
  1609 | D:2      | Found Joavi's Jewellery Emporium.
  1620 | D:2      | Killed a phantom
  1621 | D:2      | Reached XP level 4. HP: 41/41 MP: 3/3
  1856 | D:2      | Reached XP level 5. HP: 47/47 MP: 4/4
  2142 | D:2      | Reached skill level 6 in Polearms
  2246 | D:3      | Found a glowing silver altar of Zin.
  2249 | D:3      | Found Zin's Purification Station.
  3264 | D:4      | Found a glowing drain.
  3268 | Sewer    | Entered a sewer
  3275 | Sewer    | Reached XP level 6. HP: 53/53 MP: 5/5
  3402 | Sewer    | Reached *** piety under Trog
  3790 | D:4      | Reached skill level 7 in Polearms
  3897 | D:4      | Found a staircase to the Ecumenical Temple.
  4100 | D:4      | Noticed Grinder
  4113 | D:4      | Killed Grinder
  4114 | D:4      | Reached skill level 8 in Polearms
  4114 | D:4      | Reached XP level 7. HP: 60/60 MP: 6/6
  4510 | D:5      | Entered Level 5 of the Dungeon
  4673 | D:5      | Reached skill level 5 in Fighting
  4792 | D:5      | Reached skill level 5 in Armour
  5218 | D:5      | Noticed Sigmund
  5218 | D:5      | Noticed Prince Ribbit
  5232 | D:5      | Reached skill level 9 in Polearms
  5428 | D:6      | Reached XP level 8. HP: 69/69 MP: 7/7
  5505 | D:6      | Reached **** piety under Trog
  5593 | D:6      | Reached skill level 10 in Polearms
  5694 | D:6      | Found an ornate altar of the Wu Jian Council.
  5704 | D:6      | Found a shimmering altar of Xom.
  5706 | D:6      | Found a hide-covered altar of Uskayaw.
  6249 | D:7      | Found a shimmering blue altar of Sif Muna.
  6279 | D:7      | Noticed Menkaure
  6289 | D:7      | Killed Menkaure
  6615 | D:7      | Reached skill level 11 in Polearms
  6685 | D:7      | Reached XP level 9. HP: 68/75 MP: 6/8
  6970 | D:7      | Found Nyuv's Magic Scroll Boutique.
  6991 | D:7      | Bought a scroll of identify for 22 gold pieces
  7246 | D:2      | Bought a ring of see invisible for 180 gold pieces
  7515 | D:7      | Found a transporter.
  7519 | D:7      | Noticed Redcow54321's ghost (novice TrFi)
  7586 | D:5      | Found a burning altar of Makhleb.
  7672 | D:5      | Killed Prince Ribbit
  7731 | D:5      | Killed Sigmund
  8117 | D:7      | Found a transporter.
  8118 | D:7      | Identified the +9 giant spiked club "Vafipeut" {vorpal,
                  | Drain rN+ rCorr Stlth+}
  8525 | D:8      | Noticed a two-headed ogre
  8535 | D:8      | Killed a two-headed ogre
  8536 | D:8      | Reached skill level 12 in Polearms
  8537 | D:8      | Reached ***** piety under Trog
  8543 | D:8      | Reached skill level 10 in Armour
  8698 | D:8      | Noticed Maggie
  8709 | D:8      | Killed Maggie
  8825 | D:8      | Reached XP level 10. HP: 75/84 MP: 9/9
 10046 | D:9      | Noticed a centaur warrior
 10070 | D:9      | Killed a centaur warrior
 10071 | D:9      | Reached skill level 13 in Polearms
 10303 | D:9      | Noticed a boulder beetle
 10334 | D:9      | Killed a boulder beetle
 10595 | D:9      | Reached XP level 11. HP: 95/95 MP: 10/10
 10604 | D:9      | Reached skill level 14 in Polearms
 10955 | D:9      | Found a staircase to the Lair.
 11076 | D:10     | Entered Level 10 of the Dungeon
 11446 | D:10     | Identified the +4 shortbow "Ginur" {freeze, rElec rC- Will+
                  | SInv}
 11535 | D:10     | Noticed a sun demon
 11572 | D:10     | Received a gift from Trog
 11688 | D:10     | Reached skill level 1 in Bows
 11688 | D:10     | Reached skill level 5 in Dodging
 11715 | D:10     | Reached skill level 10 in Fighting
 12270 | D:11     | Noticed a two-headed ogre
 12278 | D:11     | Killed a two-headed ogre
 12307 | D:11     | Noticed Josephine
 12329 | D:11     | Killed Josephine
 12625 | D:11     | Noticed Sonja
 12630 | D:11     | Cast into level 1 of the Abyss (Sonja)
 12669 | Abyss:1  | Noticed a starcursed mass
 12697 | Abyss:1  | Killed a starcursed mass
 12698 | Abyss:1  | Reached XP level 12. HP: 82/108 MP: 3/11
 12698 | Abyss:1  | Killed a starcursed mass
 12699 | Abyss:1  | Reached skill level 15 in Polearms
 12772 | Abyss:1  | Noticed a bone dragon
 12780 | Abyss:1  | Noticed a starcursed mass
 12789 | Abyss:1  | Killed from afar by a naga mage

Illustrated notes

Levels and vault maps discovered:
D:1:      dpeg_arrival_prison, layout_basic,
          hellmonk_ecumenical_altar_heavens_door, serial_shops, shop,
          minmay_split_cup_large
D:2:      layout_basic, serial_shops, nicolae_shop_advertising_works
          [nicolae_subvault_shop_adworks]
D:3:      layout_basic, zin_purify
D:4:      layout_basic, minmay_temple_entry_stoned_glass, gup_sewer_entry_bowl,
          uniq_grinder
D:5:      layout_basic, makhleb_grotto_becter, uniq_sigmund, uniq_prince_ribbit1
D:6:      layout_cave_pools, minitemple, kennysheep_generic_room_11
D:7:      wander_river, layout_basic, lemuel_tele_altar, gammafunk_ghost_smash,
          serial_shops, shop, uniq_menkaure
D:8:      layout_cave_pods, serial_park, serial_park_paths
          [serial_park_minivault_5x5_2], serial_park_tiny_2, serial_park_tiny_1,
          serial_park_avenue1, uniq_maggie
D:9:      layout_rooms, minmay_lair_entry_grove, minmay_misc_feat_rows,
          nicolae_concentric_dashed_squares_mild
D:10:     layout_loops_corners, minmay_microvault
D:11:     layout_irregular_city, orc_0_dummy, uniq_sonja, uniq_josephine
Abyss:1:  base:
D:2

Skill      XL: |  1  2  3  4  5  6  7  8  9 10 11 12 |
---------------+-------------------------------------+-----
Polearms       | 4 5 6 8 9 11 12 13 14 15 | 15.0
Fighting       | 4 5 6 8 10 11 | 11.2
Armour         | 3 4 5 7 10 12 13 14 | 14.0
Dodging        | 3 4 5 |  5.6
Bows           | 3 4 |  4.0

Action                   |  1- 3 |  4- 6 |  7- 9 | 10-12 || total
-------------------------+-------+-------+-------+-------++-------
Melee: Spear             |    98 |   222 |   374 |   548 ||  1242
       Headbutt          |    12 |    32 |    73 |   104 ||   221
Invok: Trog's Hand       |     1 |     1 |     1 |     9 ||    12
       Berserk           |     1 |     1 |       |     7 ||     9
  Use: Potion            |       |     1 |       |     1 ||     2
       Scroll            |       |       |     9 |    11 ||    20
Armor: Animal skin       |     5 |       |       |       ||     5
       Pearl dragon scal |     7 |    59 |    98 |   135 ||   299
Dodge: Dodged            |    35 |    80 |    88 |   172 ||   375

Table legend: (Time is in decaauts)
 A = Elapsed time spent in this place.
 B = Non-inter-level travel time spent in this place.
 C = Inter-level travel time spent in this place.
 D = Time resting spent in this place.
 E = Time spent auto-exploring this place.
 F = Levels seen in this place.
 G = Mean time per level.
                   A        B        C        D        E       F      G
               +--------+--------+--------+--------+--------+-----+--------+
         Total |  12505 |  11312 |   1193 |    386 |   9128 |  13 |  961.9 |
       Dungeon |  11858 |  10665 |   1193 |    354 |   8838 |  11 | 1078.0 |
         Abyss |    164 |    164 |      0 |     32 |      0 |   1 |  164.0 |
         Sewer |    483 |    483 |      0 |      0 |    289 |   1 |  483.0 |
               +--------+--------+--------+--------+--------+-----+--------+

Top non-repeatable levels by time:
     D:8: 1578 daAuts
     D:7: 1484 daAuts
     D:1: 1258 daAuts
     D:5: 1245 daAuts
    D:10: 1099 daAuts
     D:4: 1041 daAuts
     D:3: 977 daAuts
     D:9: 965 daAuts
     D:2: 956 daAuts
     D:6: 899 daAuts
   Sewer: 483 daAuts
    D:11: 351 daAuts
 Abyss:1: 164 daAuts
